[Event "48th Indian U15-ch Girls 2023"]
[Site "Jalgaon"]
[Date "2023.12.28"]
[Round "3.4"]
[White "Sneha Halder"]
[Black "Aamuktha Guntaka"]
[Result "0-1"]
[WhiteElo "1766"]
[BlackElo "1532"]
[PlyCount "74"]
[EventDate "2023.12.30"]
[EventType "swiss"]
[EventCountry "IND"]
[TimeControl "5400+30"]

1. Nf3 d5 2. c4 dxc4 3. e4 Nf6 4. Nc3 e6 5. Bxc4 c5 6. d3 Nc6 7. O-O Be7 8. Bb5 Bd7 9. Bxc6 Bxc6 10. Ne5 Rc8 11. Bg5 O-O 12. f4 Nd7 13. Bxe7 Qxe7 14. Nxd7 Qxd7 15. Rf3 f5 16. Qe2 Rcd8 17. Rd1 b5 18. Re1 b4 19. Nd1 fxe4 20. dxe4 Qd2 21. Nf2 Bb5 22. Qxd2 Rxd2 23. b3 Rxa2 24. Rc1 Be2 25. Re3 Rxf4 26. Nh3 Rf8 27. Ng5 Rc2 28. Re1 Bg4 29. Rg3 h6 30. Rxg4 hxg5 31. Rxg5 c4 32. bxc4 b3 33. Rg3 b2 34. Rd3 Rc1 35. Rdd1 b1=Q 36. Rxc1 Qb2 37. Rb1 Qd4+ 0-1

[Event "48th Indian U15-ch Girls 2023"]
[Site "Jalgaon"]
[Date "2023.12.28"]
[Round "3.5"]
[White "Kumari Prasad Jagriti"]
[Black "Arshiya Das"]
[Result "1-0"]
[WhiteElo "1506"]
[BlackElo "1729"]
[PlyCount "143"]
[EventDate "2023.12.30"]
[EventType "swiss"]
[EventCountry "IND"]
[TimeControl "5400+30"]

1. e4 g6 2. d4 Bg7 3. Nf3 d6 4. Bc4 Nf6 5. Nc3 O-O 6. O-O Bg4 7. h3 Bxf3 8. Qxf3 Nc6 9. Be3 e5 10. d5 Ne7 11. a4 Nd7 12. Qe2 f5 13. f3 f4 14. Bf2 g5 15. a5 Ng6 16. a6 b6 17. Bb5 Ne7 18. b4 Kh8 19. Ba4 Nb8 20. Rfd1 Qc8 21. Bb3 Ng8 22. b5 Nd7 23. Na2 Ndf6 24. Nb4 Ne7 25. Rd3 Qd7 26. Nc6 Ng6 27. c3 Rg8 28. Bd1 Nh5 29. Qe1 Bf6 30. Ra2 Ng7 31. c4 h6 32. Rad2 Kh7 33. Ba4 Qf7 34. Bb3 Qe8 35. Qd1 Nf8 36. Ba4 Nd7 37. Bc2 Qg6 38. Qe1 Ne8 39. Bd1 Kg7 40. Kf1 h5 41. Bg1 Kf8 42. Bc2 Bg7 43. Bd1 Bh6 44. Rb2 Nef6 45. Qe2 g4 46. hxg4 hxg4 47. Bc2 g3 48. Ke1 Bg5 49. Kd2 Rh8 50. Kc3 Kf7 51. Kb4 Nb8 52. Bb3 Rh1 53. Rd1 Nxc6+ 54. dxc6 Ke7 55. Ka4 Ne8 56. Rbd2 Ng7 57. c5 bxc5 58. Bxc5 Rxd1 59. Qxd1 Ne6 60. Ba3 Nd4 61. Bc4 Bf6 62. Qe1 Bg7 63. Rxd4 exd4 64. e5 Kd8 65. exd6 cxd6 66. c7+ Kd7 67. b6 axb6 68. Bb5+ Kc8 69. Qc1 d5 70. Kb3 Ra7 71. Bd7+ Kxd7 72. c8=Q# 1-0

[Event "48th Indian U15-ch Girls 2023"]
[Site "Jalgaon"]
[Date "2023.12.28"]
[Round "3.6"]
[White "Rajanya Datta"]
[Black "Krishika Garg"]
[Result "1-0"]
[WhiteElo "1688"]
[BlackElo "1529"]
[PlyCount "119"]
[EventDate "2023.12.30"]
[EventType "swiss"]
[EventCountry "IND"]
[TimeControl "5400+30"]

1. e4 c6 2. d4 d5 3. f3 Nf6 4. Nc3 dxe4 5. fxe4 e5 6. Nf3 exd4 7. Qxd4 Qxd4 8. Nxd4 Bb4 9. Bd3 Bg4 10. Bd2 Nbd7 11. h3 Be6 12. a3 Bd6 13. O-O-O O-O-O 14. Be3 Kb8 15. Rhe1 Bc7 16. Nxe6 fxe6 17. Bc4 e5 18. Rf1 Bb6 19. Rde1 Rhe8 20. g4 Bd4 21. g5 Bxc3 22. bxc3 Nxe4 23. Bxa7+ Kxa7 24. Rxe4 Re7 25. h4 Rf8 26. Rxf8 Nxf8 27. Bg8 h6 28. Re1 hxg5 29. hxg5 e4 30. Kd2 Nd7 31. Bh7 Nc5 32. Ke3 Kb6 33. Rf1 Na4 34. c4 Kc5 35. g6 Nb2 36. Rf5+ Kd6 37. Bg8 Na4 38. Rf4 Nc5 39. Rh4 Nd7 40. Bf7 Ne5 41. Rf4 b6 42. a4 Kd7 43. c5 bxc5 44. Rxe4 Kd6 45. Kf4 c4 46. a5 Nd7 47. Rxe7 Kxe7 48. Bxc4 Kd6 49. a6 Kc7 50. Kf5 Nc5 51. Ke5 Nd7+ 52. Ke6 Nb6 53. Bd3 c5 54. Kf7 c4 55. Be4 Nd7 56. a7 Nb6 57. Kxg7 c3 58. Kh7 Na8 59. g7 Kb6 60. g8=Q 1-0

[Event "48th Indian U15-ch Girls 2023"]
[Site "Jalgaon"]
[Date "2023.12.28"]
[Round "3.7"]
[White "Nihira Koul"]
[Black "Saparya Ghosh"]
[Result "0-1"]
[WhiteElo "1484"]
[BlackElo "1662"]
[PlyCount "62"]
[EventDate "2023.12.30"]
[EventType "swiss"]
[EventCountry "IND"]
[TimeControl "5400+30"]

1. c4 Nf6 2. g3 c6 3. Bg2 d5 4. cxd5 cxd5 5. d4 Nc6 6. Nc3 g6 7. Nf3 Bg7 8. O-O O-O 9. Ne5 Bf5 10. Bf4 Qa5 11. a3 Ne4 12. Nxe4 dxe4 13. Nxc6 bxc6 14. e3 Rad8 15. Rc1 e5 16. g4 exf4 17. gxf5 Qxf5 18. exf4 Rxd4 19. Qe2 Qxf4 20. Qe3 Qd6 21. Qc3 f5 22. Qxc6 Qf4 23. Rc3 Rd2 24. Rh3 Qe5 25. b4 Re8 26. Re1 Red8 27. Rhe3 Qf4 28. Qc4+ Kh8 29. R3e2 Rxe2 30. Qxe2 Rd2 31. Qf1 Be5 0-1

[Event "48th Indian U15-ch Girls 2023"]
[Site "Jalgaon"]
[Date "2023.12.28"]
[Round "3.8"]
[White "Anupam M Sreekumar"]
[Black "Ananya Raman"]
[Result "1/2-1/2"]
[WhiteElo "1642"]
[BlackElo "1505"]
[PlyCount "128"]
[EventDate "2023.12.30"]
[EventType "swiss"]
[EventCountry "IND"]
[TimeControl "5400+30"]

1. Nf3 Nf6 2. g3 g6 3. b3 Bg7 4. Bb2 O-O 5. Bg2 d6 6. d4 Nbd7 7. O-O e5 8. c4 Re8 9. Nc3 e4 10. Ng5 e3 11. Nge4 Nxe4 12. Nxe4 f5 13. Nc3 exf2+ 14. Rxf2 Nf6 15. h3 Nh5 16. Qd3 c6 17. e4 Qg5 18. Kh2 c5 19. Ne2 Qe7 20. exf5 Bxf5 21. Qd2 Nf6 22. Nc3 cxd4 23. Nd5 Nxd5 24. Bxd5+ Be6 25. Re1 Be5 26. Bxe6+ Qxe6 27. Rfe2 Qf7 28. Bxd4 Rad8 29. Kg2 b5 30. Qd3 bxc4 31. bxc4 Bxd4 32. Qxd4 Rxe2+ 33. Rxe2 Rf8 34. Rd2 Qf3+ 35. Kh2 Qc6 36. Re2 Rf7 37. Rb2 Qc7 38. Qd5 Kg7 39. Kg2 Qe7 40. Qd4+ Qf6 41. Qxf6+ Kxf6 42. Rf2+ Ke6 43. Rxf7 Kxf7 44. Kf3 Ke6 45. Ke4 h6 46. g4 Ke7 47. a3 Ke6 48. Kd4 Ke7 49. a4 Ke6 50. Ke4 Ke7 51. a5 Ke6 52. Kd4 Ke7 53. Kd5 Kd7 54. h4 a6 55. Ke4 Kc6 56. Kd4 Kc7 57. Kd5 Kd7 58. g5 h5 59. Ke4 Kc6 60. Kd4 Kc7 61. Kd5 Kd7 62. c5 dxc5 63. Kxc5 Kc7 64. Kd5 Kd7 1/2-1/2

[Event "48th Indian U15-ch Girls 2023"]
[Site "Jalgaon"]
[Date "2023.12.28"]
[Round "3.9"]
[White "Bhat Sannidhi Ramakrishna"]
[Black "Asmita Avijit Ray"]
[Result "1-0"]
[WhiteElo "1637"]
[BlackElo "1470"]
[PlyCount "51"]
[EventDate "2023.12.30"]
[EventType "swiss"]
[EventCountry "IND"]
[TimeControl "5400+30"]

1. d4 d5 2. Bf4 Nf6 3. e3 c5 4. Nd2 Nc6 5. c3 Bf5 6. Ngf3 Qb6 7. Nh4 Bg6 8. Nxg6 hxg6 9. Qb3 c4 10. Qc2 Rc8 11. Rb1 Qa5 12. b4 Qa3 13. Bxc4 e6 14. Bb5 Nd7 15. Rb3 Nxb4 16. Qb1 Qxa2 17. Rxb4 Qxb1+ 18. Rxb1 Rxc3 19. Bxd7+ Kxd7 20. Rxb7+ Ke8 21. Rb8+ Ke7 22. O-O a5 23. Ra1 Rh5 24. g4 Rh7 25. g5 Rd3 26. Rxa5 1-0

[Event "48th Indian U15-ch Girls 2023"]
[Site "Jalgaon"]
[Date "2023.12.28"]
[Round "3.10"]
[White "Chaarvi Choudhury"]
[Black "Nivedita V C"]
[Result "0-1"]
[WhiteElo "1468"]
[BlackElo "1638"]
[PlyCount "66"]
[EventDate "2023.12.30"]
[EventType "swiss"]
[EventCountry "IND"]
[TimeControl "5400+30"]

1. e4 e5 2. Nf3 Nc6 3. Bb5 f5 4. d3 fxe4 5. dxe4 d6 6. Nxe5 dxe5 7. Bxc6+ bxc6 8. Qh5+ Ke7 9. Qxe5+ Be6 10. Bf4 Nf6 11. Nd2 Kf7 12. Qxc7+ Qxc7 13. Bxc7 Bc5 14. f3 Rhc8 15. Bg3 Rd8 16. Rf1 Rd7 17. Bf2 Bb6 18. a3 Rad8 19. Bxb6 axb6 20. Rf2 c5 21. Re2 b5 22. f4 Bg4 23. Rf2 Nxe4 24. Nf3 Nxf2 25. Ne5+ Kf6 26. Nxd7+ Rxd7 27. Kxf2 Rd2+ 28. Kg3 Be6 29. Re1 Bd5 30. b3 Rxg2+ 31. Kh3 Rg6 32. c4 Be6+ 33. Kh4 Rg4+ 0-1

[Event "48th Indian U15-ch Girls 2023"]
[Site "Jalgaon"]
[Date "2023.12.29"]
[Round "4.1"]
[White "Mrittika Mallick"]
[Black "Bhat Sannidhi Ramakrishna"]
[Result "0-1"]
[WhiteElo "1970"]
[BlackElo "1637"]
[PlyCount "110"]
[EventDate "2023.12.30"]
[EventType "swiss"]
[EventCountry "IND"]
[TimeControl "5400+30"]

1. e4 d5 2. exd5 Qxd5 3. Nf3 Bg4 4. Be2 Nc6 5. h3 Bxf3 6. Bxf3 Qe6+ 7. Qe2 Qxe2+ 8. Bxe2 Nd4 9. Bd1 e5 10. c3 Ne6 11. d3 Nc5 12. Ke2 O-O-O 13. Bc2 Nf6 14. b4 Ne6 15. g3 g6 16. Nd2 Bg7 17. Bb2 Nd5 18. Nc4 Rhe8 19. a4 f5 20. Rhe1 Ng5 21. h4 e4 22. d4 Nf3 23. Red1 f4 24. b5 Nh2 25. Ne5 f3+ 26. Ke1 e3 27. c4 Bxe5 28. dxe5 Nb4 29. Be4 e2 30. Rd5 c6 31. Rxd8+ Rxd8 32. e6 Nd3+ 33. Bxd3 Rxd3 34. Bf6 Ng4 35. Bg7 Nxf2 36. Kxf2 Rd1 37. Bc3 e1=Q+ 38. Bxe1 Rxa1 39. a5 cxb5 40. cxb5 Rb1 41. g4 Rxb5 42. Kxf3 Re5 43. Bc3 Rxe6 44. Kf4 b6 45. axb6 axb6 46. Kg5 b5 47. h5 gxh5 48. Kxh5 Kd7 49. g5 Rg6 50. Bb4 Ke6 51. Bd2 Kd5 52. Kg4 h6 53. Kh5 Rxg5+ 54. Bxg5 hxg5 55. Kxg5 b4 0-1

[Event "48th Indian U15-ch Girls 2023"]
[Site "Jalgaon"]
[Date "2023.12.29"]
[Round "4.2"]
[White "Saparya Ghosh"]
[Black "Shubhi Gupta"]
[Result "1/2-1/2"]
[WhiteElo "1662"]
[BlackElo "1902"]
[PlyCount "189"]
[EventDate "2023.12.30"]
[EventType "swiss"]
[EventCountry "IND"]
[TimeControl "5400+30"]

1. d4 d5 2. c4 e6 3. Nc3 Nf6 4. cxd5 exd5 5. Bg5 c6 6. e3 Bf5 7. Qb3 Qb6 8. Bxf6 gxf6 9. Nf3 Nd7 10. Be2 Bd6 11. Nh4 Bg6 12. f4 f5 13. Bd3 O-O 14. Nxf5 Bxf5 15. Bxf5 Rfe8 16. O-O Nf6 17. Rae1 Bb4 18. Qc2 Bxc3 19. bxc3 Ne4 20. Qe2 Nf6 21. Rf3 Kh8 22. Rh3 Rg8 23. Qf2 Rg7 24. Rh6 Ng4 25. Bxg4 Rxg4 26. Qc2 Rg7 27. Kh1 Rag8 28. g4 Qd8 29. Rg1 Qe7 30. Rg3 Rg6 31. Rgh3 Rxh6 32. Rxh6 Rg7 33. Qd3 Qa3 34. Qc2 Qa6 35. h3 Qf1+ 36. Kh2 Qf3 37. Qd2 Kg8 38. Rh5 f6 39. Rf5 Re7 40. Qg2 Rxe3 41. Qxf3 Rxf3 42. Rxf6 Rxc3 43. Rd6 Rc2+ 44. Kg3 Rxa2 45. Rd8+ Kg7 46. Rd7+ Kg8 47. Rxb7 a5 48. Rb6 Rd2 49. Rxc6 Rxd4 50. Rc5 a4 51. Ra5 Kf7 52. g5 Ke6 53. Kg4 Rb4 54. Ra6+ Kf7 55. Kf5 d4 56. Ra7+ Kg8 57. Ra8+ Kf7 58. Ra7+ Kg8 59. Kf6 Rb6+ 60. Ke5 Rb4 61. Rd7 Rb5+ 62. Kf6 Rb6+ 63. Ke7 Rb5 64. Rxd4 a3 65. Ra4 Rb7+ 66. Kf6 Rb6+ 67. Ke5 Rb5+ 68. Kf6 Rb6+ 69. Kf5 Rb3 70. h4 Kf7 71. Ra7+ Kg8 72. h5 Rb5+ 73. Kg4 Rb3 74. g6 h6 75. Kf5 Kf8 76. Kf6 Rb6+ 77. Ke5 Rb5+ 78. Ke6 Rb6+ 79. Kd7 Rf6 80. Rxa3 Rxf4 81. Ke6 Re4+ 82. Kf5 Rh4 83. Ra7 Kg8 84. Ra8+ Kg7 85. Ra7+ Kg8 86. Kf6 Rf4+ 87. Ke6 Re4+ 88. Kf5 Rh4 89. g7 Rh1 90. Kf6 Rf1+ 91. Kg6 Rg1+ 92. Kf6 Rf1+ 93. Kg6 Rg1+ 94. Kxh6 Rg6+ 95. hxg6 1/2-1/2

[Event "48th Indian U15-ch Girls 2023"]
[Site "Jalgaon"]
[Date "2023.12.29"]
[Round "4.3"]
[White "Aamuktha Guntaka"]
[Black "Rajanya Datta"]
[Result "1-0"]
[WhiteElo "1532"]
[BlackElo "1688"]
[PlyCount "123"]
[EventDate "2023.12.30"]
[EventType "swiss"]
[EventCountry "IND"]
[TimeControl "5400+30"]

1. e4 e5 2. Nf3 Nc6 3. Bb5 a6 4. Ba4 Nf6 5. O-O Nxe4 6. d4 b5 7. Bb3 d5 8. dxe5 Be6 9. c3 Bc5 10. Nbd2 O-O 11. Bc2 Nxf2 12. Rxf2 f6 13. Nf1 Bxf2+ 14. Kxf2 fxe5 15. Kg1 Bg4 16. Bb3 Ne7 17. Bg5 c6 18. Qe2 Rf5 19. Bxe7 Bxf3 20. Bxd8 Bxe2 21. Ng3 Rf7 22. Bb6 Bd3 23. Re1 Re8 24. Nh1 h6 25. Nf2 Bf5 26. Bd1 Rf6 27. Ng4 Rfe6 28. Ne3 Bd3 29. Bc2 Bxc2 30. Nxc2 Kf7 31. Nb4 g5 32. Nxa6 Rf6 33. Nb4 Kg6 34. Rf1 Rfe6 35. Na6 R6e7 36. Bc5 Rd7 37. Nb4 Re6 38. Rd1 Rf7 39. g3 h5 40. Rf1 Rd7 41. Rf2 Re8 42. Kf1 Re6 43. Ke1 d4 44. Rd2 Kf5 45. h3 Ke4 46. cxd4 Kf3 47. Rd3+ Kg2 48. Re3 Rf7 49. dxe5 Kxh3 50. Nc2 Rd7 51. Nd4 Re8 52. Nf5 Rd5 53. Bd6 Re6 54. Ke2 Kg4 55. Ng7 Rdxd6 56. exd6 Rxd6 57. Re4+ Kxg3 58. Nf5+ Kh3 59. Nxd6 g4 60. Kf1 g3 61. Nf5 c5 62. Rh4# 1-0

[Event "48th Indian U15-ch Girls 2023"]
[Site "Jalgaon"]
[Date "2023.12.29"]
[Round "4.4"]
[White "Sachi Jain"]
[Black "Kumari Prasad Jagriti"]
[Result "1/2-1/2"]
[WhiteElo "1844"]
[BlackElo "1506"]
[PlyCount "140"]
[EventDate "2023.12.30"]
[EventType "swiss"]
[EventCountry "IND"]
[TimeControl "5400+30"]

1. e4 c5 2. Nf3 g6 3. d4 cxd4 4. Nxd4 Nc6 5. f4 Bg7 6. Nf3 d6 7. Bd3 Nf6 8. c3 Qb6 9. Qe2 O-O 10. Na3 a6 11. Be3 Qc7 12. O-O Ng4 13. Nc2 f5 14. exf5 Bxf5 15. Bc4+ Kh8 16. h3 Nxe3 17. Nxe3 Na5 18. Bd5 Bd7 19. Ng5 e6 20. Nxe6 Bxe6 21. Bxe6 Rae8 22. Bg4 Nc4 23. Qxc4 Qb6 24. Rae1 Rxe3 25. Rxe3 Qxe3+ 26. Kh1 h5 27. Qe2 Qxe2 28. Bxe2 h4 29. Bd3 Bh6 30. Bxg6 Rxf4 31. Kg1 Rxf1+ 32. Kxf1 Bc1 33. b3 Bb2 34. c4 a5 35. Ke2 b6 36. Kf3 Kg7 37. Bh5 Kh6 38. Kg4 Bf6 39. Be8 Bg5 40. Kf5 Be3 41. Ke6 Bc5 42. Kf5 Bd4 43. Kg4 Bf2 44. a3 Be1 45. b4 axb4 46. axb4 Kg7 47. Kg5 Kf8 48. Bc6 Ke7 49. Bd5 Kd8 50. b5 Ke7 51. Kf5 Bg3 52. Ke4 Kf6 53. Bb7 Ke7 54. Kd5 Bf2 55. Kc6 Be3 56. Bc8 Bc5 57. Bg4 Bf2 58. Kd5 Bc5 59. Ke4 Bf2 60. Kf3 Be1 61. Kf4 Bg3+ 62. Ke4 Kd8 63. c5 dxc5 64. Kd5 Kc7 65. Bf3 Bf4 66. Be2 Bg3 67. Bc4 Be1 68. Ke6 Bg3 69. Ke7 Bd6+ 70. Kf6 Bg3 1/2-1/2

[Event "48th Indian U15-ch Girls 2023"]
[Site "Jalgaon"]
[Date "2023.12.29"]
[Round "4.5"]
[White "Nivedita V C"]
[Black "Anupam M Sreekumar"]
[Result "0-1"]
[WhiteElo "1638"]
[BlackElo "1642"]
[PlyCount "76"]
[EventDate "2023.12.30"]
[EventType "swiss"]
[EventCountry "IND"]
[TimeControl "5400+30"]

1. Nf3 d5 2. g3 Nf6 3. Bg2 g6 4. O-O Bg7 5. d3 O-O 6. Nbd2 c6 7. e4 dxe4 8. dxe4 Qc7 9. Qe2 b6 10. e5 Nfd7 11. e6 Nc5 12. exf7+ Rxf7 13. Ng5 Rf8 14. Nde4 Ba6 15. c4 Qe5 16. Qg4 Bc8 17. Qd1 h6 18. Bf4 Qd4 19. Nxc5 hxg5 20. Bxb8 Qxc5 21. Bc7 Be6 22. b4 Qxb4 23. Bxc6 Rac8 24. Bd5 Bxd5 25. Qxd5+ Kh7 26. Rab1 Qa3 27. Qd7 Qc5 28. Qh3+ Bh6 29. Rbe1 Rxc7 30. Re2 Qf5 31. Qxf5 gxf5 32. Rfe1 Rf7 33. Re6 Bg7 34. Rc1 Rf6 35. Re5 Kg6 36. Re2 Rfc6 37. Rec2 Bd4 38. a4 a6 0-1

[Event "48th Indian U15-ch Girls 2023"]
[Site "Jalgaon"]
[Date "2023.12.29"]
[Round "4.6"]
[White "Ananya Raman"]
[Black "Sherali Pattnaik"]
[Result "0-1"]
[WhiteElo "1505"]
[BlackElo "1575"]
[PlyCount "124"]
[EventDate "2023.12.30"]
[EventType "swiss"]
[EventCountry "IND"]
[TimeControl "5400+30"]

1. e4 e6 2. d4 d5 3. Nd2 c5 4. Ngf3 Nf6 5. exd5 exd5 6. Bb5+ Bd7 7. Bxd7+ Nbxd7 8. O-O Be7 9. c3 O-O 10. dxc5 Nxc5 11. Nb3 Nce4 12. Nbd4 Re8 13. h3 Rc8 14. Re1 Bf8 15. Bf4 Nd7 16. Rc1 a6 17. Bh2 g6 18. Bf4 Bg7 19. Ng5 Qf6 20. Nxe4 Qxf4 21. Ng3 Rxe1+ 22. Qxe1 Bxd4 23. Ne2 Qxf2+ 24. Qxf2 Bxf2+ 25. Kxf2 Re8 26. Rd1 Nf6 27. Nf4 Re5 28. Nd3 Re7 29. Nf4 Rd7 30. Rd4 Kf8 31. Kf3 Ke8 32. g4 g5 33. Ng2 Ke7 34. Ne3 Kd6 35. h4 h6 36. Nf5+ Ke5 37. Nxh6 gxh4 38. g5 Ne4 39. Kg4 h3 40. Kxh3 Nxg5+ 41. Kg4 Ne4 42. Nf5 Nf6+ 43. Kg5 Rd8 44. Nh6 Ne4+ 45. Kg4 f5+ 46. Kh5 Rd7 47. Kg6 Rd6+ 48. Kg7 Ng5 49. Rd1 Ne6+ 50. Kg6 Nf4+ 51. Kg7 Rg6+ 52. Kh7 Rg2 53. Re1+ Re2 54. Rb1 Nd3 55. Kg6 Rg2+ 56. Kh5 Nf4+ 57. Kh4 Rh2+ 58. Kg3 Rh3+ 59. Kf2 Rxh6 60. Re1+ Kf6 61. Kf3 Nd3 62. Rd1 Ne5+ 0-1

[Event "48th Indian U15-ch Girls 2023"]
[Site "Jalgaon"]
[Date "2023.12.29"]
[Round "4.7"]
[White "Hanya Shah"]
[Black "Sneha Halder"]
[Result "0-1"]
[WhiteElo "1429"]
[BlackElo "1766"]
[PlyCount "100"]
[EventDate "2023.12.30"]
[EventType "swiss"]
[EventCountry "IND"]
[TimeControl "5400+30"]

1. c4 e5 2. Nc3 Nc6 3. Nf3 f5 4. d4 e4 5. Ng1 Nf6 6. Nh3 d5 7. c5 b6 8. cxb6 axb6 9. Bg5 Bb4 10. e3 Bxc3+ 11. bxc3 h6 12. Bxf6 Qxf6 13. Nf4 Ne7 14. Qb3 Qd6 15. c4 O-O 16. cxd5 g5 17. Ne6 Bxe6 18. dxe6 Ra3 19. Qb2 f4 20. exf4 Rxf4 21. g3 Rf6 22. Bh3 Rd3 23. O-O Rxd4 24. Rad1 Nc6 25. Kh1 Kf8 26. Rc1 Ne5 27. Rxc7 e3 28. Rc8+ Ke7 29. Qb5 Qd5+ 30. Qxd5 Rxd5 31. Rc7+ Ke8 32. fxe3 Rxf1+ 33. Bxf1 Rd1 34. Kg1 Ng4 35. e4 Ne3 36. Rf7 g4 37. a4 Ra1 38. e5 h5 39. Rf4 Ke7 40. Rf6 Rb1 41. Rf4 Kxe6 42. Rf6+ Kxe5 43. Rf4 Kd5 44. Rf6 Kc5 45. Rf4 Rxf1+ 46. Rxf1 Nxf1 47. Kxf1 Kb4 48. Ke2 Kxa4 49. Kd3 b5 50. Kc2 Ka3 0-1

[Event "48th Indian U15-ch Girls 2023"]
[Site "Jalgaon"]
[Date "2023.12.29"]
[Round "4.8"]
[White "Arshiya Das"]
[Black "Samhita Pungavanam"]
[Result "1-0"]
[WhiteElo "1729"]
[BlackElo "1437"]
[PlyCount "43"]
[EventDate "2023.12.30"]
[EventType "swiss"]
[EventCountry "IND"]
[TimeControl "5400+30"]

1. g3 d5 2. Bg2 Nc6 3. Nf3 e5 4. d3 Nf6 5. O-O Bf5 6. Bg5 Be7 7. Nbd2 h6 8. Bxf6 Bxf6 9. e4 dxe4 10. dxe4 Bg4 11. c3 Qd3 12. Re1 O-O-O 13. Qa4 Qd6 14. b4 Kb8 15. Nb3 h5 16. h3 Bxf3 17. Bxf3 g5 18. Nc5 Qd2 19. Qb5 b6 20. Qxc6 bxc5 21. bxc5 Kc8 22. Qa6+ 1-0

[Event "48th Indian U15-ch Girls 2023"]
[Site "Jalgaon"]
[Date "2023.12.29"]
[Round "4.9"]
[White "Drishtee Ghosh"]
[Black "Suravi Bhattacharya"]
[Result "1/2-1/2"]
[WhiteElo "1605"]
[BlackElo "1420"]
[PlyCount "118"]
[EventDate "2023.12.30"]
[EventType "swiss"]
[EventCountry "IND"]
[TimeControl "5400+30"]

1. e4 e5 2. Bc4 Nf6 3. Nc3 Nxe4 4. Qh5 Nd6 5. Bb3 Be7 6. Nf3 O-O 7. h4 Nc6 8. Ng5 h6 9. Qg6 Bxg5 10. hxg5 Qxg5 11. Qxg5 hxg5 12. d3 Nd4 13. Bxg5 Nxb3 14. Nd5 f6 15. axb3 fxg5 16. Nxc7 Rb8 17. Rxa7 b5 18. Nd5 Bb7 19. Ne3 Ra8 20. Rxa8 Rxa8 21. Kd2 Kf7 22. f3 Kg6 23. Ng4 Nf7 24. Re1 d6 25. c4 Kf5 26. Ne3+ Ke6 27. Kc3 Bc6 28. Nc2 bxc4 29. bxc4 d5 30. c5 Kf5 31. d4 Kf4 32. dxe5 Nxe5 33. g3+ Kf5 34. Nd4+ Kf6 35. f4 gxf4 36. gxf4 Ng6 37. Re6+ Kf7 38. f5 Ne7 39. Nxc6 Nxf5 40. Re5 Kf6 41. Rxd5 g5 42. Nd4 Nxd4 43. Rxd4 Ke5 44. Rd1 g4 45. b4 g3 46. b5 g2 47. b6 Rd8 48. Rg1 Kd5 49. Kb4 Rg8 50. Kb5 Rg3 51. b7 Rb3+ 52. Ka6 Kxc5 53. Ka7 Ra3+ 54. Kb8 Rg3 55. Rc1+ Kb6 56. Ka8 Ra3+ 57. Kb8 Rf3 58. Rb1+ Kc6 59. Rc1+ Kb6 1/2-1/2

[Event "48th Indian U15-ch Girls 2023"]
[Site "Jalgaon"]
[Date "2023.12.29"]
[Round "4.10"]
[White "Modipalli Deekshitha"]
[Black "Kirthika B"]
[Result "1/2-1/2"]
[WhiteElo "1394"]
[BlackElo "1605"]
[PlyCount "73"]
[EventDate "2023.12.30"]
[EventType "swiss"]
[EventCountry "IND"]
[TimeControl "5400+30"]

1. d4 Nf6 2. c4 g6 3. Nc3 Bg7 4. Nf3 d6 5. Bg5 h6 6. Bh4 c5 7. d5 Qa5 8. Nd2 Bf5 9. f3 g5 10. Bf2 Nbd7 11. e4 Bh7 12. Be2 a6 13. h4 g4 14. Be3 gxf3 15. gxf3 Nh5 16. Qc2 Bd4 17. Nb3 Bxc3+ 18. bxc3 Qc7 19. Rg1 Nhf6 20. a4 Ne5 21. a5 Qd7 22. Kf2 O-O-O 23. Bf4 Ng6 24. Bg3 Nh5 25. Qd2 f5 26. f4 Nxg3 27. Rxg3 Kb8 28. h5 Nf8 29. e5 e6 30. Bf3 Qe7 31. Qe3 exd5 32. cxd5 Nd7 33. e6 Nf6 34. Rb1 Ne4+ 35. Bxe4 fxe4 36. Nd2 Qh4 37. Kg2 1/2-1/2

[Event "48th Indian U15-ch Girls 2023"]
[Site "Jalgaon"]
[Date "2023.12.29"]
[Round "5.1"]
[White "Bhat Sannidhi Ramakrishna"]
[Black "Aamuktha Guntaka"]
[Result "1-0"]
[WhiteElo "1637"]
[BlackElo "1532"]
[PlyCount "95"]
[EventDate "2023.12.30"]
[EventType "swiss"]
[EventCountry "IND"]
[TimeControl "5400+30"]

1. d4 d5 2. Bf4 Nf6 3. e3 c5 4. Nd2 Nc6 5. c3 Bf5 6. Ngf3 Qb6 7. Nh4 Bd7 8. Qb3 c4 9. Qc2 h6 10. Nhf3 Qd8 11. e4 b5 12. e5 Nh5 13. Be3 g5 14. h3 Ng7 15. g4 h5 16. gxh5 Bf5 17. Qd1 f6 18. Be2 Qc8 19. Nf1 Rxh5 20. Ng1 Rh8 21. Ng3 Be6 22. Qc2 Bf5 23. Nxf5 Qxf5 24. O-O-O Qxc2+ 25. Kxc2 Nf5 26. Bc1 Bg7 27. Bf3 e6 28. exf6 Bxf6 29. Bg4 Kf7 30. Nf3 Rag8 31. Rhe1 Bd8 32. Re2 Rg6 33. Rde1 a5 34. Bxf5 exf5 35. Ne5+ Nxe5 36. Rxe5 Rxh3 37. Rxd5 Be7 38. Rxf5+ Rf6 39. Rxe7+ Kxe7 40. Bxg5 Rhh6 41. Rxf6 Rxf6 42. d5 Kf7 43. Bxf6 Kxf6 44. f4 b4 45. cxb4 axb4 46. a3 b3+ 47. Kc3 Kf5 48. Kxc4 1-0

[Event "48th Indian U15-ch Girls 2023"]
[Site "Jalgaon"]
[Date "2023.12.29"]
[Round "5.2"]
[White "Shubhi Gupta"]
[Black "Anupam M Sreekumar"]
[Result "1-0"]
[WhiteElo "1902"]
[BlackElo "1642"]
[PlyCount "121"]
[EventDate "2023.12.30"]
[EventType "swiss"]
[EventCountry "IND"]
[TimeControl "5400+30"]

1. d4 d5 2. c4 c6 3. Nc3 Nf6 4. Nf3 dxc4 5. a4 Bf5 6. Ne5 Nbd7 7. Nxc4 Nb6 8. Ne5 a5 9. g3 Nfd7 10. Nf3 e6 11. Bg2 Bb4 12. O-O O-O 13. e4 Bg6 14. Qe2 Re8 15. Rd1 Qc7 16. Bf4 Bd6 17. Be3 Bh5 18. Rac1 Qb8 19. Qd3 f5 20. e5 Bb4 21. Qc2 h6 22. Ne2 g5 23. h4 g4 24. Ne1 Kh7 25. Nd3 Bf8 26. Nef4 Bf7 27. f3 gxf3 28. Bxf3 Qd8 29. Qf2 Be7 30. Bh5 Bxh5 31. Nxh5 Nd5 32. Ndf4 Nxe3 33. Nxe6 Qb6 34. Qxe3 Bb4 35. Qf4 Kg6 36. Nhg7 Rxe6 37. Nxe6 Re8 38. Rf1 Rxe6 39. Qxf5+ Kg7 40. Qf7+ Kh8 41. Qxe6 Qxd4+ 42. Kh2 Nxe5 43. Qxh6+ Kg8 44. Qg5+ Kh8 45. Qh5+ Kg7 46. Qe2 Bd6 47. Rf4 Qd5 48. Rd1 Qe6 49. Re4 Bc7 50. Re1 Kf6 51. Qh5 Qd5 52. Qg5+ Ke6 53. Qg8+ Kd6 54. Qxd5+ Kxd5 55. Rxe5+ Bxe5 56. b3 b5 57. h5 bxa4 58. bxa4 c5 59. h6 Bf6 60. h7 c4 61. Re8 1-0

[Event "48th Indian U15-ch Girls 2023"]
[Site "Jalgaon"]
[Date "2023.12.29"]
[Round "5.3"]
[White "Kumari Prasad Jagriti"]
[Black "Saparya Ghosh"]
[Result "0-1"]
[WhiteElo "1506"]
[BlackElo "1662"]
[PlyCount "72"]
[EventDate "2023.12.30"]
[EventType "swiss"]
[EventCountry "IND"]
[TimeControl "5400+30"]

1. e4 c5 2. Nf3 Nc6 3. d4 cxd4 4. Nxd4 Nf6 5. Nc3 e5 6. Ndb5 d6 7. Bg5 a6 8. Bxf6 gxf6 9. Na3 b5 10. Nd5 Bg7 11. Bd3 Ne7 12. Nxe7 Qxe7 13. c4 f5 14. cxb5 d5 15. exd5 e4 16. O-O O-O 17. Qe2 Qb4 18. Bc4 Qxb2 19. Nc2 axb5 20. Bb3 b4 21. Rfd1 Ba6 22. Qh5 f4 23. Rab1 Qc3 24. Rbc1 Rac8 25. d6 Rc5 26. Qh4 Bf6 27. Qxf4 Bg5 28. Qg4 h5 29. Qxe4 Bxc1 30. Rxc1 Bd3 31. Qh4 Qd2 32. Re1 Bxc2 33. Bxf7+ Rxf7 34. Re8+ Kg7 35. g3 Qxf2+ 36. Kh1 Qf1# 0-1

[Event "48th Indian U15-ch Girls 2023"]
[Site "Jalgaon"]
[Date "2023.12.29"]
[Round "5.4"]
[White "Sherali Pattnaik"]
[Black "Mrittika Mallick"]
[Result "1/2-1/2"]
[WhiteElo "1575"]
[BlackElo "1970"]
[PlyCount "112"]
[EventDate "2023.12.30"]
[EventType "swiss"]
[EventCountry "IND"]
[TimeControl "5400+30"]

1. e4 c5 2. Nf3 d6 3. d4 cxd4 4. Nxd4 Nf6 5. Nc3 a6 6. f3 e6 7. Be3 b5 8. Qd2 h5 9. a4 bxa4 10. Rxa4 Nbd7 11. Nb3 Qc7 12. Be2 Nb6 13. Rb4 Nfd7 14. Na4 Nxa4 15. Rxa4 Rb8 16. Ra2 d5 17. exd5 Bb4 18. c3 Bd6 19. dxe6 Rxb3 20. exd7+ Bxd7 21. Rxa6 Bxh2 22. Ra7 Bg3+ 23. Kf1 Rb7 24. Ra8+ Rb8 25. Ra7 Rb7 26. Rxb7 Qxb7 27. Bd4 h4 28. Bd3 Rh5 29. Qe2+ Be6 30. b4 Qa8 31. c4 Qa3 32. Qd2 Qb3 33. Ke2 Bxc4 34. Qe3+ Be6 35. Rb1 Qa2+ 36. Rb2 Qa1 37. Rb1 Qa2+ 38. Rb2 Qd5 39. Be4 Qb5+ 40. Bd3 Qb8 41. b5 h3 42. Bg6 Re5 43. Bxe5 Bxe5 44. f4 h2 45. Rb1 Qa8 46. Be4 Qa2+ 47. Kf3 Qxb1 48. Bxb1 h1=Q 49. Qxe5 Qxb1 50. Qb8+ Kd7 51. Qb7+ Kd6 52. Qc6+ Ke7 53. Qc7+ Kf6 54. Qe5+ Kg6 55. Qg5+ Kh7 56. Qh4+ Kg6 1/2-1/2